 Dungeon Crawl Stone Soup version 0.21.0-24-g2553a33 (webtiles) character file.

75 SedStubbie the Magician (level 4, -2/30 HPs)
             Began as a Mummy Earth Elementalist on Jan 21, 2018.
             Slain by an orc
             ... wielding a +0 falchion of protection
              (8 damage)
             ... on level 2 of the Dungeon.
             The game lasted 00:05:24 (2002 turns).

SedStubbie the Magician (Mummy Earth Elementalist)  Turns: 2002, Time: 00:05:25

Health: -2/30      AC:  5    Str: 11    XL:     4   Next: 11%
Magic:  1/9        EV: 12    Int: 15    God:
Gold:   76         SH:  0    Dex: 12    Spells: 9/10 levels left

rFire    x . .     SeeInvis .   h - +1 dagger (speed)
rCold    + . .     Gourm    .   (no shield)
rNeg     + + +     Faith    .   c - +0 robe
rPois    ∞         Spirit   .   (no helmet)
rElec    .         Reflect  .   (no cloak)
rCorr    .         Harm     +   g - +2 pair of gloves
MR       .....                  (no boots)
Stlth    ++........             e - amulet of harm
HPRegen  0.10/turn              (no ring)
MPRegen  0.11/turn              (no ring)

@: no status effects
A: no food or potions, fire vulnerability, cold resistance 1, negative energy
resistance 3, torment resistance, unbreathing
a: no special abilities


You were on level 2 of the Dungeon.
You were not hungry.

You visited 1 branch of the dungeon, and saw 3 of its levels.

You collected 76 gold pieces.

Inventory:

Hand Weapons
 h - a +1 dagger of speed (weapon)
Missiles
 b - 92 stones (quivered)
Armour
 c - a +0 robe (worn)
 g - a +2 pair of gloves (worn)
Jewellery
 e - an amulet of harm (around neck)
Scrolls
 a - a scroll of blinking {unknown}
 f - a scroll of enchant weapon {unknown}
Books
 d - a book of Geomancy

   Spells                             Type                      Level
   a - Sandblast                      Earth                        1
   b - Passwall                       Transmutation/Earth          2
   c - Stone Arrow                    Conjuration/Earth            3
   d - Petrify                        Transmutation/Earth          4
   e - Lee's Rapid Deconstruction     Earth                        5


   Skills:
 + Level 2.2 Dodging
 - Level 1.5 Stealth
 + Level 3.5 Spellcasting
   Level 0.7 Transmutations
 * Level 3.4 Earth Magic


You had 9 spell levels left.
You knew the following spells:

 Your Spells              Type           Power        Failure   Level  Hunger
a - Sandblast             Erth           ##....       4%          1    N/A

Dungeon Overview and Level Annotations

Branches:
Dungeon (3/15)

Altars:
Qazlal
Uskayaw
Vehumet


Innate Abilities, Weirdness & Mutations

You do not eat or drink.
Your flesh is vulnerable to fire.
You are immune to poison.
Your flesh is cold resistant. (rC+)
You are immune to negative energy. (rN+++)
You are immune to unholy pain and torment.
You can survive without breathing.


Message History

You don't have enough magic to cast that spell.
Unknown command.
You hit the orc but do no damage.
The orc is heavily wounded.
The orc hits you with a falchion of protection.
* * * LOW HITPOINT WARNING * * *
You closely miss the orc.
The orc is heavily wounded.
You hit the orc but do no damage.
The orc is heavily wounded.
The orc hits you but does no damage.
You closely miss the orc.
The orc is heavily wounded.
The orc hits you but does no damage.
You barely miss the orc.
The orc is heavily wounded.
You hit the orc.
The orc is almost dead.
The orc hits you with a falchion of protection!
You die...

##......##
........#
######### #
################
.........#.....##
................##
.................#
##..............@#
##..............o#
##...............#
.................#
.................#
................##
####.....#....(##
# #############


You could see an orc.

Vanquished Creatures
  A bullfrog zombie (D:2)
  2 adders
  An orc (D:3)
  2 giant cockroaches (D:2)
  2 goblins
  2 hobgoblins (D:1)
  8 jackals (D:2)
  4 bats (D:1)
  A frilled lizard (D:2)
  2 kobolds (D:1)
  3 rats
28 creatures vanquished.

Notes
Turn   | Place    | Note
-------+----------+-------------------------------------------
     0 | D:1      | SedStubbie the Mummy Earth Elementalist began the quest for the Orb.
     0 | D:1      | Reached XP level 1. HP: 13/13 MP: 4/4
    42 | D:1      | Noticed an electric eel
   492 | D:1      | Reached XP level 2. HP: 15/19 MP: 2/5
   743 | D:2      | Found a stormy altar of Qazlal.
  1091 | D:2      | Found a radiant altar of Vehumet.
  1480 | D:2      | Reached XP level 3. HP: 21/24 MP: 4/7
  1821 | D:3      | Found a hide-covered altar of Uskayaw.
  1831 | D:3      | Reached XP level 4. HP: 30/30 MP: 7/9
  2002 | D:2      | Slain by an orc

Skill      XL: |  1  2 |
---------------+-------+-----
Spellcasting   | 3 |  3.5
Dodging        | 2 |  2.2
Earth Magic    | 3 |  3.4
Stealth        | |  1.5
Transmutations | |  0.7

Action                   |  1- 3 |  4- 6 || total
-------------------------+-------+-------++-------
Melee: Unarmed           |    18 |       ||    18
       Dagger            |       |    22 ||    22
 Cast: Sandblast         |    40 |    25 ||    65
Armor: Robe              |     7 |    10 ||    17
Dodge: Dodged            |    28 |    16 ||    44
